Map: Línea Aguablanca EE

Players

MrFercho

  • Race: Zerg Zerg
  • League: Silver
  • Spawn Location: 1:00

TATORREA

  • Race: Protoss Protoss
  • League: Gold
  • Spawn Location: 1:00

tigro

  • Race: Terran Terran
  • League: Bronze
  • Spawn Location: 12:00

alf

  • Race: Protoss Protoss
  • Spawn Location: 7:00

HECTORDCR

  • Race: Protoss Protoss
  • Spawn Location: 7:00

Fenix

  • Race: Protoss Protoss
  • Spawn Location: 6:00

VOD

Have the link to the VOD?

Description

Time

  • Played on: July 5, 2020, 10:24 p.m.
  • Length: 7:59
Show
View Real Time Build Order
Export as new Build Order

MrFercho Zerg 

Build Orders: Hatch First 

Get SALT Encoding   

  12  0:01  Drone  
  13  0:12  Overlord  
  13  0:23  Drone  
  14  0:30  Drone x2  
  16  0:54  Drone  
  17  1:03  Hatchery  
  16  1:12  Spawning Pool  
  16  1:13  Drone  
  16  1:18  Drone  
  16  1:20  Drone  
  16  1:24  Drone  
  19  1:35  Extractor  
  19  1:36  Drone  
  19  1:45  Drone  
  20  2:04  Drone  
  20  2:07  Drone  
  22  2:20  Queen  
  24  2:23  Queen  
  24  2:24  Overlord x2  
  26  2:33  Baneling Nest  
  26  2:35  Extractor, Drone x2  
  26  2:40  Drone x2  
  28  3:04  Lair  
  28  3:06  Drone x4  
  28  3:12  Drone x2  
  34  3:36  Hatchery, Overlord  
  34  3:37  Overlord  
  33  3:42  Drone  
  33  3:46  Drone x2  
  33  3:47  Drone x2  
  38  3:59  Metabolic Boost  
  38  4:04  Drone  
  38  4:05  Drone x4  
  43  4:14  Zergling x2  
  44  4:28  Zergling x16  
  52  4:38  Spine Crawler x2  
  52  4:40  Spine Crawler x2  
  44  4:55  Zergling x2  
  44  4:56  Zergling x14  
  46  5:05  Spore Crawler  
  38  5:07  Spine Crawler  
  38  5:08  Spine Crawler  
  38  5:09  Spine Crawler  
  22  5:36  Zergling x2  
  22  5:37  Zergling x20  
  31  5:44  Drone  
  27  6:18  Zergling x18  
  30  6:33  Queen  
  32  6:40  Drone  
  24  7:10  Zergling x24  
  36  7:17  Evolution Chamber  
Show
View Real Time Build Order
Export as new Build Order

TATORREA Protoss 

Build Orders:  

Get SALT Encoding   

  13  0:14  Probe  
  13  0:26  Probe  
  14  0:33  Pylon  
  14  0:38  Probe  
  15  0:51  Probe  
  15  0:54  Gateway  
  16  1:03  Probe  
  17  1:08  Pylon  
  17  1:16  Probe  
  18  1:22  Assimilator  
  18  1:28  Probe  
  19  1:35  Assimilator  
  19  1:40  Probe  
  19  1:42  Gateway  
  19  1:46  Cybernetics Core  
  20  1:52  Probe  
  21  2:03  Probe  
  22  2:11  Probe  
  22  2:30  Robotics Facility  
  22  2:33  Gateway  
  22  2:35  Gateway  
  22  2:38  Gateway  
  22  2:40  Probe  
  23  2:52  Probe  
  23  2:53  Warp Gate  
  24  3:02  Stalker  
  26  3:19  Immortal  
  30  3:47  Pylon  
  30  3:53  Pylon  
  30  3:55  Pylon  
  30  4:05  Stalker, Immortal  
  30  4:07  Shield Battery  
  30  4:09  Shield Battery  
  36  4:18  Stalker  
  34  4:33  Stalker  
Show
View Real Time Build Order
Export as new Build Order

tigro Terran 

Build Orders:  

Get SALT Encoding   

  12  0:02  SCV  
  13  0:14  SCV  
  14  0:29  SCV  
  15  0:37  Supply Depot, Refinery  
  15  0:58  SCV  
  15  1:01  Barracks  
  16  1:06  Supply Depot  
  16  1:12  SCV  
  17  1:22  Refinery  
  17  1:24  SCV  
  18  1:36  SCV  
  19  1:48  SCV  
  20  2:00  SCV  
  21  2:06  Factory  
  21  2:12  SCV  
  21  2:14  Marine  
  23  2:24  SCV  
  24  2:32  Marine  
  25  2:49  Marine  
  26  2:52  Barracks, Engineering Bay  
  26  2:56  Factory Tech Lab  
  26  3:07  Marine  
  26  3:08  Orbital Command  
  27  3:20  Siege Tank  
  27  3:25  Marine  
  31  3:36  Terran Infantry Weapons Level 1  
  31  3:52  Barracks Tech Lab  
  31  3:56  Barracks Reactor  
  34  4:02  Siege Tank  
  31  4:29  Command Center  
  27  4:34  Siege Tank  
  25  4:57  Supply Depot  
  22  5:19  Marine  
  22  5:20  Supply Depot  
  23  5:30  Marine x2  
  27  5:36  Marine  
  17  5:47  Marine x2  
  17  5:54  Marine  
  4  6:05  Marine x2  
  4  6:06  Orbital Command  
  2  6:36  SCV  
  1  6:49  SCV  
  2  7:00  Barracks  
  2  7:01  SCV  
  3  7:13  SCV  
  4  7:25  SCV  
  5  7:37  SCV  
  6  7:46  Engineering Bay  
  7  7:58  Supply Depot  
Show
View Real Time Build Order
Export as new Build Order

alf Protoss 

Build Orders:  

Get SALT Encoding   

  12  0:00  Probe  
  13  0:08  Probe  
  14  0:22  Pylon  
  14  0:32  Assimilator  
  14  0:39  Pylon  
  14  0:49  Gateway  
  14  0:55  Probe  
  15  1:03  Gateway  
  15  1:19  Gateway  
  15  1:20  Probe  
  16  1:28  Probe  
  17  1:39  Pylon, Zealot  
  19  1:56  Cybernetics Core  
  19  2:00  Zealot  
  21  2:14  Zealot  
  23  2:16  Probe  
  23  2:17  Zealot  
  26  2:40  Stalker  
  28  2:44  Stalker  
  28  2:49  Stalker  
  32  2:57  Assimilator  
  32  2:59  Probe  
  33  3:12  Stalker  
  33  3:16  Stalker  
  37  3:25  Stalker  
  39  4:01  Pylon  
  39  4:04  Pylon  
  39  4:10  Probe  
  39  4:12  Stalker  
  38  4:18  Probe  
  29  5:51  Stalker  
  29  5:52  Stalker x2  
  35  5:59  Stargate  
  35  6:07  Gateway  
  33  6:21  Stalker  
  33  6:22  Stalker x2  
  39  6:51  Stalker x2  
  39  6:52  Stalker  
  45  6:56  Nexus  
  45  7:21  Stalker x2  
  51  7:22  Zealot  
Show
View Real Time Build Order
Export as new Build Order

HECTORDCR Protoss 

Build Orders:  

Get SALT Encoding   

  12  0:03  Probe  
  13  0:15  Probe  
  14  0:34  Pylon  
  14  0:35  Pylon  
  14  0:37  Assimilator  
  14  0:39  Probe  
  15  0:48  Probe  
  15  0:56  Probe  
  17  1:07  Probe  
  18  1:14  Gateway  
  18  1:15  Gateway  
  18  1:19  Probe  
  19  1:26  Assimilator  
  19  1:38  Pylon  
  19  1:40  Pylon  
  19  2:01  Forge, Zealot  
  19  2:05  Zealot  
  19  2:06  Gateway  
  21  2:14  Probe  
  24  2:21  Zealot  
  24  2:26  Probe  
  24  2:27  Zealot  
  29  2:48  Zealot  
  29  2:50  Probe  
  32  2:54  Zealot x2  
  36  3:02  Probe  
  37  3:12  Zealot  
  37  3:15  Zealot  
  39  3:22  Zealot  
  43  3:38  Zealot  
  45  3:42  Zealot  
  47  3:49  Cybernetics Core  
  47  3:55  Pylon  
  47  4:13  Zealot  
  43  5:17  Zealot  
  43  5:18  Zealot x2  
  43  5:44  Zealot  
  43  5:45  Zealot x2  
  45  6:12  Zealot x3  
  51  6:37  Nexus  
  51  6:39  Zealot  
  53  6:40  Pylon  
  53  6:42  Pylon  
  53  6:47  Assimilator  
  53  6:51  Assimilator  
  49  7:08  Stargate x2  
  49  7:15  Stargate  
Show
View Real Time Build Order
Export as new Build Order

Fenix Protoss 

Build Orders:  

Get SALT Encoding   

  12  0:20  Pylon  
  12  0:25  Probe  
  12  0:33  Probe  
  13  0:42  Gateway  
  14  0:49  Gateway  
  14  1:01  Gateway  
  14  1:10  Pylon  
  14  1:14  Probe  
  15  1:22  Probe  
  15  1:32  Pylon  
  16  1:36  Zealot  
  16  1:38  Zealot  
  20  1:55  Zealot  
  22  2:02  Assimilator  
  22  2:03  Zealot  
  26  2:15  Zealot  
  26  2:22  Pylon, Zealot  
  28  2:30  Zealot  
  28  2:31  Probe  
  28  2:33  Assimilator  
  31  2:42  Zealot  
  33  2:52  Zealot  
  35  2:58  Probe  
  36  3:10  Probe  
  37  3:17  Cybernetics Core  
  37  3:30  Zealot  
  39  3:52  Forge  
  39  4:14  Nexus  
  35  4:29  Photon Cannon  
  33  5:41  Twilight Council, Robotics Facility  
  33  5:45  Stalker x2  
  33  5:47  Probe  
  38  5:55  Probe  
  38  6:03  Probe  
  36  6:15  Stalker, Probe  
  37  6:21  Warp Prism  
  37  6:27  Dark Shrine, Probe  
  40  6:37  Pylon  
  40  6:39  Probe  
  41  6:49  Assimilator  
  41  6:51  Probe  
  40  7:03  Probe  
  40  7:07  Stalker x3  
  47  7:24  Gateway  
  47  7:32  Probe  
  48  7:38  Assimilator  
  48  7:44  Probe  
Tags
 
Add a new tag
Caveats
  • Supply blocks, unpowered buildings, or Contaminate may cause inaccurate times.
  • Supply counts are checked every 10 seconds.